 Dungeon Crawl Stone Soup version 0.21-a0-632-g1e37ce5 (webtiles) character file.

58 Amnesiac the Poker (level 3, 0/31 HPs)
             Began as a Minotaur Berserker on Dec 28, 2017.
             Was a Believer of Trog.
             Killed from afar by Sigmund (7 damage)
             ... with a puff of flame
             ... on level 2 of the Dungeon.
             The game lasted 00:01:10 (1135 turns).

Amnesiac the Poker (Minotaur Berserker)             Turns: 1135, Time: 00:01:10

Health: 0/31       AC:  2    Str: 22    XL:     3   Next: 75%
Magic:  2/2        EV: 12    Int:  4    God:    Trog [**....]
Gold:   47         SH:  0    Dex:  9    Spells: 2/2 levels left

rFire    . . .     SeeInvis .   a - +0 spear
rCold    . . .     Gourm    .   (no shield)
rNeg     . . .     Faith    .   b - +0 animal skin
rPois    .         Spirit   .   (helmet restricted)
rElec    .         Reflect  .   (no cloak)
rCorr    .         Harm     .   (no gloves)
MR       .....                  (no boots)
Stlth    +.........             (no amulet)
HPRegen  0.10/turn              (no ring)
MPRegen  0.08/turn              (no ring)

@: no status effects
A: retaliatory headbutt, horns 2
a: Berserk, Trog's Hand, Burn Spellbooks, Renounce Religion


You were on level 2 of the Dungeon.
You worshipped Trog.
Trog was pleased with you.
You were not hungry.

You visited 1 branch of the dungeon, and saw 2 of its levels.

You collected 47 gold pieces.

Inventory:

Hand Weapons
 a - a +0 spear (weapon)
Missiles
 i - 21 stones (quivered)
Armour
 b - a +0 animal skin (worn)
Jewellery
 k - an uncursed ring of protection from fire {unknown}
Scrolls
 d - a scroll of enchant armour {!r, unknown}
 e - a scroll of enchant weapon {!r, unknown}
 f - 2 scrolls of identify {!r, unknown}
 j - 2 scrolls of remove curse {!r, unknown}
 l - a scroll of amnesia {!r, unknown}
Potions
 g - 2 potions of ambrosia {!q, unknown}
 h - a potion of curing {!q, unknown}
Comestibles
 c - 3 rations


   Skills:
 - Level 3.6 Fighting
 + Level 5.7 Polearms
 - Level 2.4 Armour
 - Level 2.1 Dodging


You had 2 spell levels left.
You didn't know any spells.

Dungeon Overview and Level Annotations

Branches:
Dungeon (2/15)

Altars:

Annotations:
D:2 Sigmund


Innate Abilities, Weirdness & Mutations

You reflexively headbutt those who attack you in melee.
You have a pair of horns on your head.


Message History

An ooze comes into view.
The ooze quivers.
Attack whom?
Press: ? - help, Dir - move target cursor, f - ooze
Aim: an ooze You reach to attack!
You hit the ooze.
The ooze is heavily wounded.
You hit the ooze.
The ooze is almost dead.
The ooze misses you. You furiously retaliate!
You headbutt the ooze!
You kill the ooze!
Trog accepts your kill.
No target in view!
No target in view!
Found a stone staircase leading down.
No target in view!
You now have 47 gold pieces (gained 9).
j - 2 scrolls labeled FUH CYOSKUJU {!r} (gained 1)
Found a stone staircase leading down.
No target in view!
A hobgoblin comes into view. It is wielding a club.
The hobgoblin shouts!
You hear a shout!
You hear an angry hiss.
A worm comes into view.
There are monsters nearby!
Attack whom?
Press: ? - help, Dir - move target cursor, f - hobgoblin
Aim: a hobgoblin, wielding a club You reach to attack!
You hit the hobgoblin.
The hobgoblin is moderately wounded.
You hit the hobgoblin but do no damage.
The hobgoblin is moderately wounded.
You hit the hobgoblin but do no damage.
The hobgoblin is moderately wounded.
The hobgoblin hits you with a club.
An orc comes into view. It is wielding a mace.
You closely miss the hobgoblin.
The orc shouts!
The hobgoblin is moderately wounded.
The hobgoblin hits you with a club.
You barely miss the hobgoblin. You headbutt the hobgoblin.
The hobgoblin is almost dead.
The hobgoblin hits you with a club.
You hit the hobgoblin.
You kill the hobgoblin!
Trog accepts your kill.
Attack whom?
Press: ? - help, Dir - move target cursor, f - orc
Aim: an orc, wielding a mace and wearing a ring mail You reach to attack!
You closely miss the orc. You barely miss the orc.
The orc hits you with a mace!
* * * LOW HITPOINT WARNING * * *
You barely miss the orc. The orc completely misses you.
A giant cockroach comes into view.
You hit the orc but do no damage. You headbutt the orc.
The orc is heavily wounded.
You hit the orc but do no damage. You headbutt the orc, but do no damage.
The orc is heavily wounded.
The orc hits you with a mace.
* * * LOW HITPOINT WARNING * * *
Sigmund the Dreaded comes into view.
He is wielding a scythe.
Sigmund shouts!
Sigmund casts a spell at you. The puff of flame hits you!
You die...

#.#.# ##########
#.#.####
#.........
#......#
#.########
###.##.# #.#
#.##.###.#
#.#...##.#
#o#...##.#
..######.#...##.#
@......@........#
...###..........#
#..........#
##.###....###
..........<#
##.###....## #.#
#.##.#
#.###.###.##.#
#.........##.#


You could see Sigmund and an orc.

Vanquished Creatures
  3 oozes
  3 worms (D:1)
  2 leopard geckos (D:1)
  2 bats (D:1)
  3 giant cockroaches (D:1)
  2 goblins (D:1)
  4 hobgoblins
  4 jackals (D:1)
  2 frilled lizards (D:1)
  2 kobolds (D:1)
  6 rats
33 creatures vanquished.

Notes
Turn   | Place    | Note
-------+----------+-------------------------------------------
     0 | D:1      | Amnesiac the Minotaur Berserker began the quest for the Orb.
     0 | D:1      | Reached XP level 1. HP: 19/19 MP: 0/0
     1 | D:1      | Found a runed door.
   131 | D:1      | Reached skill level 4 in Polearms
   273 | D:1      | Reached XP level 2. HP: 26/26 MP: 1/1
   856 | D:1      | Reached skill level 5 in Polearms
   861 | D:1      | Reached XP level 3. HP: 27/31 MP: 2/2
  1061 | D:2      | Reached ** piety under Trog
  1135 | D:2      | Noticed Sigmund
  1135 | D:2      | Killed from afar by Sigmund

Vault maps used:
D:1:      dpeg_arrival_caged_fury
D:2:      overflow_temple_1_default, marbit_many_paths, uniq_robin,
          uniq_crazy_yiuf_cottage, uniq_sigmund

Skill      XL: |  1  2 |
---------------+-------+-----
Polearms       | 4 5 |  5.7
Fighting       | |  3.6
Armour         | |  2.4
Dodging        | |  2.1

Action                   || total
-------------------------++-------
Melee: Spear             ||    91
       Headbutt          ||    13
 Stab: Sleeping          ||     2
  Eat: Chunk             ||     1
Armor: Animal skin       ||     4
Dodge: Dodged            ||    25

Table legend:
 A = Spawn XP
 B = Non-spawn XP
 C = Spawn XP percentage of total XP
 D = Spawn monster count
 E = Non-spawn monster count
 F = Spawn count percentage of total count
 G = Total turns spent on level
                    A         B        C        D         E        F      G
               +---------+---------+-------+---------+---------+-------+---------
         Total |       0 |      83 |   0.0 |       0 |      33 |   0.0 |  1135
               +---------+---------+-------+---------+---------+-------+---------
           D:1 |       0 |      73 |   0.0 |       0 |      30 |   0.0 |  1043
           D:2 |       0 |      10 |   0.0 |       0 |       3 |   0.0 |    92
               +---------+---------+-------+---------+---------+-------+---------
